 Dungeon Crawl Stone Soup version 0.28-a0-258-g8de209e91f (webtiles) character file.

Game seed: 2667734483646151186

1531 Tocho the Conjurer (level 9, -28/62 (64) HPs)
             Began as a Human Conjurer on Aug 26, 2021.
             Was a Believer of Sif Muna.
             Shot with a sling bullet by a satyr (36 damage)
             ... on level 3 of the Abyss.
             The game lasted 00:24:23 (7813 turns).

Tocho the Conjurer (Human Conjurer)                 Turns: 7813, Time: 00:24:24

HP:   -28/62 (64)   AC:  5    Str:  8    XL:     9   Next: 10%
MP:   0/11          EV: 13    Int: 21    God:    Sif Muna [**....]
Gold: 193           SH:  0    Dex: 12    Spells: 5/15 levels left

rFire   . . .      SeeInvis .   f - +2 dagger (venom)
rCold   + . .      Faith    .   (no shield)
rNeg    . . .      Spirit   +   m - +0 robe {rC+}
rPois   .          Reflect  .   (no helmet)
rElec   .          Harm     .   (no cloak)
rCorr   .          Rampage  .   (no gloves)
Will    .....                   (no boots)
Stlth   +++.......              g - amulet of guardian spirit
HPRegen 0.20/turn               h - +4 ring of protection
MPRegen 0.12/turn               (no ring)

@: lethally poisoned (-28 -> -31), lightly drained
A: [deformed body], [deterioration 2], [low mp 2], [no potion heal 2]
a: Renounce Religion, Channel Magic


You were on level 3 of the Abyss.
You worshipped Sif Muna.
Sif Muna was pleased with you.
You visited 2 branches of the dungeon, and saw 7 of its levels.
You visited the Abyss 1 time.

You collected 226 gold pieces.
You spent 33 gold pieces at shops.

Inventory:

Hand Weapons
 f - a +2 dagger of venom (weapon)
 q - a +1 dagger of freezing
Missiles
 e - 8 atropa-tipped darts
 o - 31 poisoned darts
Armour
 a - a +0 robe
 m - a +0 robe of cold resistance (worn)
Jewellery
 g - an amulet of guardian spirit (around neck)
 h - a +4 ring of protection (left hand)
 r - a ring of willpower
 t - a ring of ice
Wands
 j - a wand of flame (21)
 s - a wand of iceblast (7)
Scrolls
 i - 2 scrolls of teleportation
 p - a scroll of immolation {unknown}
 v - a scroll of summoning {unknown}
 w - a scroll of noise {unknown}
 x - a scroll of identify
Potions
 b - 3 potions of might
 c - a potion of cancellation
 d - a potion of haste {unknown}
 k - a potion of lignification {unknown}
 l - 3 potions of curing {unknown}
 n - a potion of heal wounds {unknown}
 u - a potion of flight {unknown}


   Skills:
 + Level 3.2 Fighting
 + Level 5.1 Short Blades
 + Level 5.2 Dodging
 + Level 4.8 Stealth
 - Level 0.3 Unarmed Combat
 + Level 3.9 Spellcasting
 + Level 5.7 Conjurations
 + Level 0.9 Hexes


You had 5 spell levels left.
You knew the following spells:

 Your Spells              Type           Power      Damage    Failure   Level
a - Magic Dart            Conj           100%       1d8       1%          1
b - Searing Ray           Conj           56%        3d5       1%          2
c - Dazzling Flash        Conj/Hex       36%        N/A       10%         3
d - Fulminant Prism       Conj/Hex       9%         3d7       30%         4

Your spell library contained the following spells:

 Spells                   Type           Power      Damage    Failure   Level
 Corona                   Hex            7%         N/A       9%          1
 Ensorcelled Hibernation  Hex/Ice        10%        N/A       16%         2
 Sublimation of Blood     Necr           2%         N/A       19%         2
 Wereblood                Tmut           4%         N/A       19%         2
 Tukima's Dance           Hex            7%         N/A       26%         3
 Iskenderun's Mystic Bla  Conj/Tloc      16%        2d5       36%         4
 Summon Hydra             Summ           2%         N/A       100%        7


Dungeon Overview and Level Annotations

Branches:
Dungeon (6/15)             Temple (1/1) D:4

Altars:
Ashenzari
Cheibriados
Fedhas
Gozag
Hepliaklqana
Kikubaaqudgha
Makhleb
Nemelex Xobeh
Okawaru
Qazlal
Ru
Sif Muna
Trog
Uskayaw
Vehumet
Wu Jian
Xom
Yredelemnul
The Shining One

Shops:
D:1 *   D:2 ?


Innate Abilities, Weirdness & Mutations

[Armour fits poorly on your strangely shaped body.]
[Your body often deteriorates upon taking damage.]
[Your magical capacity is very low. (-20% MP)]
[Potions cannot restore your health.]


Message History

A raiju comes into view.
The raiju barks!
You hear a bark!
Something touches you.
A raiju comes into view. x2
You enter the shallow water.
Moving in this stuff is going to be slow.
A wraith comes into view.
Found a gateway leading deeper into the Abyss.
Something touches you!
You feel drained.
A raiju comes into view.
You hear some strange, mumbled words.
Something tries to affect you, but you resist.
You hear some strange, mumbled words.
A bolt of cold appears from out of thin air!
The bolt of cold hits you!! You resist.
* * * LOW HITPOINT WARNING * * *
The red very ugly thing gurgles horribly!
You hear a horrible gurgling sound! x2
A large abomination comes into view.
You hear a roar!
A satyr comes into view. It is wielding a +0 quarterstaff.
You hear some strange, mumbled words.
A bolt of cold appears from out of thin air!
The bolt of cold misses you.
The satyr shouts!
The satyr unwields a +0 quarterstaff.
The satyr wields a +0 fustibalus.
The satyr shoots a sling bullet.
The sling bullet misses you.
The kobold brigand throws a poisoned dart.
The poisoned dart hits you!
You are poisoned.
You feel sick.
You feel sick.
The kobold brigand throws a poisoned dart.
The poisoned dart completely misses you.
There is a gateway leading deeper into the Abyss here.
You feel sick. Something completely misses you.
The kobold brigand throws a poisoned dart.
The satyr shoots a sling bullet.
The sling bullet hits you!!!
Ouch! That really hurt!
You die...

..... .# ≈ .# h.
...#..#..≈##..h. #
....#.#.≈#.#. ...
#.#...≈≈#.
.#.###....≈≈
##3#.#K....###### #..
#..##.K#.##..#
##.##.#.≈K..h...#
.##.#..##.≈#....@# .
..#3...≈#..u......#
.#..###.≈3.#..X##..##
..*#.# ##.##.u##.#c.#
##.# # #≈#..## #...#
### #≈.... c..# #≈≈.#
. ..# ≈≈.. .# .u≈...


You could see 2 very ugly things, a satyr, a large abomination, a smoke demon, a
raiju and 2 kobold brigands.

Vanquished Creatures
  A water moccasin (D:5)
  An orc warrior (D:6)
  2 ice beasts (D:6)
  A black bear (D:5)
  An ogre (D:6)
  A kobold brigand (D:6)
  A water moccasin zombie (D:5)
  A water moccasin skeleton (D:5)
  A small abomination (Abyss:2)
  A centaur zombie (D:5)
  A hound (D:4)
  2 orc priests
  Terence (D:3)
  3 iguanas
  5 orc wizards
  Natasha (thrice) (D:2)
  2 hound zombies (D:5)
  7 gnolls
  4 river rats (D:5)
  5 adders
  An adder skeleton (D:5)
  2 worms (D:2)
  20 orcs
  7 bats
  7 endoplasms
  3 giant cockroaches
  9 goblins
  7 hobgoblins
  11 jackals
  14 kobolds
  7 quokkas
  6 ball pythons
  3 frilled lizards
  9 rats
150 creatures vanquished.

Notes
Turn   | Place    | Note
-------+----------+-------------------------------------------
     0 | D:1      | Tocho the Human Conjurer began the quest for the Orb.
     0 | D:1      | Reached XP level 1. HP: 13/13 MP: 3/3
    15 | D:1      | Found Kagraebi's Assorted Antiques.
   254 | D:1      | Reached XP level 2. HP: 19/19 MP: 1/5
   318 | D:1      | Learned a level 2 spell: Searing Ray
   528 | D:1      | Reached XP level 3. HP: 19/24 MP: 1/6
  1313 | D:2      | Learned a level 3 spell: Dazzling Flash
  1392 | D:2      | Reached XP level 4. HP: 30/30 MP: 1/7
  1496 | D:2      | Found Uplivunt's Magic Scroll Emporium.
  1500 | D:2      | Bought a scroll of teleportation for 33 gold pieces
  1581 | D:2      | Noticed Natasha
  1584 | D:2      | Killed Natasha
  1882 | D:2      | Reached skill level 5 in Conjurations
  1882 | D:2      | Reached XP level 5. HP: 7/35 MP: 0/8
  2402 | D:2      | Noticed Natasha
  2412 | D:2      | Killed Natasha
  2438 | D:2      | Noticed Natasha
  2444 | D:2      | Killed Natasha
  2564 | D:2      | Found a faded altar of an unknown god.
  2934 | D:3      | Found a blossoming altar of Fedhas.
  3054 | D:3      | Reached XP level 6. HP: 42/42 MP: 10/10
  3097 | D:3      | Reached skill level 1 in Short Blades
  3137 | D:3      | Noticed Terence
  3143 | D:3      | Killed Terence
  3144 | D:3      | Reached skill level 1 in Fighting
  3742 | D:4      | Found a sacrificial altar of Ru.
  3743 | D:4      | Found a broken altar of Ashenzari.
  3785 | D:4      | Found a shimmering altar of Xom.
  3856 | D:4      | Found a staircase to the Ecumenical Temple.
  3866 | Temple   | Entered the Ecumenical Temple
  4008 | Temple   | Became a worshipper of Sif Muna the Loreminder
  4828 | D:4      | Reached XP level 7. HP: 48/48 MP: 5/11
  4913 | D:5      | Entered Level 5 of the Dungeon
  5382 | D:5      | Reached * piety under Sif Muna
  5461 | D:5      | Noticed a water moccasin
  5469 | D:5      | Killed a water moccasin
  5470 | D:5      | Reached XP level 8. HP: 57/57 MP: 5/13
  6138 | D:5      | Learned a level 4 spell: Fulminant Prism
  6674 | D:6      | Reached skill level 5 in Dodging
  6932 | D:6      | Reached skill level 5 in Short Blades
  6988 | D:6      | Reached XP level 9. HP: 35/63 MP: 5/14
  7000 | D:6      | Identified the +5 hunting sling of the Countless Ships
                  | {venom, rPois rCorr Int-3}
  7030 | D:6      | Reached ** piety under Sif Muna
  7547 | D:6      | Cast into level 2 of the Abyss (gnoll sergeant)
  7618 | Abyss:2  | Noticed a large abomination
  7651 | Abyss:2  | Noticed a large abomination
  7656 | Abyss:2  | Noticed a large abomination
  7665 | Abyss:2  | Noticed a spatial maelstrom
  7712 | Abyss:2  | Noticed an efreet
  7713 | Abyss:2  | Found a corrupted altar of Lugonu.
  7763 | Abyss:3  | Noticed a wretched star
  7784 | Abyss:3  | Noticed a lich
  7789 | Abyss:3  | Found a corrupted altar of Lugonu.
  7791 | Abyss:3  | Noticed an apocalypse crab
  7797 | Abyss:3  | Noticed a smoke demon
  7801 | Abyss:3  | Noticed a red very ugly thing
  7802 | Abyss:3  | Noticed a red very ugly thing
  7802 | Abyss:3  | Noticed a red very ugly thing
  7804 | Abyss:3  | Noticed a red very ugly thing
  7805 | Abyss:3  | Noticed a raiju
  7805 | Abyss:3  | Noticed a raiju
  7806 | Abyss:3  | Noticed a raiju
  7806 | Abyss:3  | Noticed a raiju
  7808 | Abyss:3  | Noticed a satyr
  7813 | Abyss:3  | Shot with a sling bullet by a satyr

Illustrated notes

Levels and vault maps discovered:
D:1:      tarquinn_simple_flora_water_c, layout_basic, serial_shops,
          nicolae_shop_overgrown_old_shop
D:2:      layout_basic, serial_shops, shop_statue,
          hellmonk_ecumenical_altar_arch_garden, uniq_natasha
D:3:      layout_basic, mainiacjoe_overflow_concentric_impassable, uniq_terence
D:4:      layout_basic, minitemple, minmay_temple_entry_statues_pillars
D:5:      layout_rooms, gup_sewer_entry_spiral
D:6:      layout_layer_cave
Temple:   regret_index_temple_waves
Abyss:3:  base: Temple, due_exit_kobolds, nicolae_abyss_rune_left_handed,
          minivault_27, uniq_mlioglotl

Skill      XL: |  1  2  3  4  5  6  7  8 |
---------------+-------------------------+-----
Conjurations   | 5 |  5.7
Spellcasting   | 3 |  3.9
Short Blades   | 2 3 5 |  5.1
Fighting       | 1 2 3 |  3.2
Dodging        | 3 4 5 |  5.2
Stealth        | 3 4 |  4.8
Unarmed Combat | |  0.3
Hexes          | |  0.9

Action                   |  1- 3 |  4- 6 |  7- 9 || total
-------------------------+-------+-------+-------++-------
Melee: Unarmed           |    24 |       |       ||    24
       Dagger            |    10 |   108 |    89 ||   207
 Cast: Magic Dart        |    43 |    19 |    20 ||    82
       Searing Ray       |     3 |    16 |    29 ||    48
       Dazzling Flash    |       |       |     2 ||     2
  Use: Scroll            |       |       |     3 ||     3
 Stab: Sleeping          |     1 |     3 |     3 ||     7
       Invisible         |       |       |     1 ||     1
Armor: Robe              |    12 |    30 |    53 ||    95
Dodge: Dodged            |    48 |    77 |   114 ||   239

Table legend: (Time is in decaauts)
 A = Elapsed time spent in this place.
 B = Non-inter-level travel time spent in this place.
 C = Inter-level travel time spent in this place.
 D = Time resting spent in this place.
 E = Time spent auto-exploring this place.
 F = Levels seen in this place.
 G = Mean time per level.
                   A        B        C        D        E       F      G
               +--------+--------+--------+--------+--------+-----+--------+
         Total |   7828 |   7712 |    116 |    664 |   5602 |   9 |  869.8 |
       Dungeon |   7377 |   7293 |     84 |    529 |   5512 |   6 | 1229.5 |
        Temple |    184 |    152 |     32 |      0 |     90 |   1 |  184.0 |
         Abyss |    266 |    266 |      0 |    135 |      0 |   2 |  133.0 |
               +--------+--------+--------+--------+--------+-----+--------+

Top non-repeatable levels by time:
     D:2: 1646 daAuts
     D:6: 1389 daAuts
     D:1: 1276 daAuts
     D:5: 1266 daAuts
     D:4: 1135 daAuts
     D:3: 664 daAuts
  Temple: 184 daAuts
 Abyss:2: 170 daAuts
 Abyss:3: 96 daAuts
